 Dungeon Crawl Stone Soup version 0.22.1-2-g9c5b331 (webtiles) character file.

273 Miritol the Chopper (level 6, 0/48 HPs)
             Began as a Demonspawn Chaos Knight on Dec 31, 2018.
             Slain by an iguana (12 damage)
             ... on level 4 of the Dungeon.
             The game lasted 00:19:12 (2600 turns).

Miritol the Chopper (Demonspawn Chaos Knight)       Turns: 2600, Time: 00:19:12

Health: 0/48       AC:  5    Str: 15      XL:     6   Next: 3%
Magic:  6/6        EV: 11    Int: 13      God:    Xom [..*...]
Gold:   136        SH:  4    Dex:  9 (12) Spells: 5/5 levels left

rFire    . . .     SeeInvis .   a - +0 hand axe (chaos)
rCold    + . .     Gourm    .   i - +1 buckler {rC+}
rNeg     . . .     Faith    .   b - +2 leather armour
rPois    .         Spirit   .   (helmet restricted)
rElec    .         Reflect  .   (no cloak)
rCorr    .         Harm     .   (no gloves)
MR       .....                  (no boots)
Stlth    ++........             (no amulet)
HPRegen  0.16/turn              (no ring)
MPRegen  0.10/turn              (no ring)

@: no status effects
A: antennae 1, blurry vision 1, nightstalker 1
a: Renounce Religion


You were on level 4 of the Dungeon.
You worshipped Xom.
You were a toy of Xom.
You were not hungry.

You visited 1 branch of the dungeon, and saw 4 of its levels.
You also visited: Sewer.

You collected 136 gold pieces.

Inventory:

Hand Weapons
 a - a +0 hand axe of chaos (weapon)
Missiles
 l - 27 poisoned needles
Armour
 b - a +2 leather armour (worn)
 i - a +1 buckler of cold resistance (worn)
Jewellery
 d - an uncursed amulet of guardian spirit {unknown}
Wands
 r - a wand of iceblast (3)
Scrolls
 e - a scroll of random uselessness {unknown}
 f - a scroll of fear {unknown}
 h - a scroll of enchant armour {unknown}
 j - 3 scrolls of remove curse {unknown}
 m - a scroll of fog {unknown}
 o - 5 scrolls of identify {unknown}
 q - 3 scrolls of teleportation
 s - 3 scrolls of blinking {unknown}
 v - a scroll of summoning {unknown}
Potions
 k - a potion of agility {unknown}
 n - a potion of cancellation {unknown}
 t - a potion of mutation {unknown}
 u - a potion of curing {unknown}
Comestibles
 c - 6 rations


   Skills:
 + Level 4.0 Fighting
 + Level 5.0 Axes
 + Level 1.9 Armour
 - Level 2.0 Dodging
 - Level 0.6 Stealth
 + Level 0.6 Shields


You had 5 spell levels left.
You didn't know any spells.
Your spell library contained the following spells:

 Spells                   Type           Power        Failure   Level  Hunger
 Confusing Touch          Hex            #.....       52%         1    ##.....
 Confuse                  Hex            #.......     87%         3    ####...
 Gell's Gravitas          Tloc           #.........   87%         3    ####...
 Petrify                  Tmut/Erth      #.......     99%         4    #####..
 Metabolic Englaciation   Hex/Ice        #.........   100%        5    ######.
 Yara's Violent Unravell  Hex/Tmut       #.........   100%        5    ######.


Dungeon Overview and Level Annotations

Branches:
Dungeon (4/15)
 Temple: D:4-7

Altars:
Elyvilon
Gozag
Makhleb
Okawaru
Qazlal
Xom


Innate Abilities, Weirdness & Mutations

You have a pair of small antennae on your head.
You are slightly more attuned to the shadows.
Scrolls take you a little longer to read.


Message History

Evoke which item? (* to show all) (? for menu, Esc to quit)
Aiming: Iceblast
Press: ? - help, Shift-Dir - straight line, f - orc
Aim: an orc, wielding a trident The mass of ice explodes!
The iceblast engulfs the orc.
You kill the orc!
You see here a flail.
An iguana comes into view.
Things that are here:
a trident; a ring mail; an orc corpse You butcher the orc corpse.
Things that are here:
a trident; a ring mail; 3 chunks of flesh Eat one of 3 chunks of flesh? (ye/n/q)
You eat one of the 3 chunks of flesh.
This raw flesh tastes terrible.
You are feeling hungry.
Eat one of 2 chunks of flesh? (ye/n/q)
You eat one of the 2 chunks of flesh.
This raw flesh tastes terrible.
The iguana bites you!
You die...

###.# ...##......##.
#....## .......#...#
...#. #..###...### ....
#.#..##...## #..
#.#..##.#..... #o#
#.#..##.#.##.# #o#
#.#..##.#.# .# #.#
#.#.l##.#.##.##.
#.########.#.)@).........
#..>..................##
#############.####.####
#.# #.# #.####.# #......#
########


You could see an iguana.

Vanquished Creatures
  Purgy (Sewer)
  An orc wizard (D:4)
  4 adders
  A shadow imp (D:3)
  An ooze (D:1)
  A worm (D:3)
  3 dart slugs
  2 leopard geckos
  7 orcs
  7 giant cockroaches
  6 goblins
  6 hobgoblins
  8 jackals
  11 kobolds
  A quokka (D:3)
  7 bats
  8 frilled lizards
  A leopard gecko skeleton (D:4)
  9 rats
85 creatures vanquished.

Vanquished Creatures (collateral kills)
  A kobold (D:1)
1 creature vanquished.

Grand Total: 86 creatures vanquished

Notes
Turn   | Place    | Note
-------+----------+-------------------------------------------
     0 | D:1      | Miritol the Demonspawn Chaos Knight began the quest for the
                  | Orb.
     0 | D:1      | Reached XP level 1. HP: 18/18 MP: 1/1
    54 | D:1      | You fall through a shaft!
   176 | D:2      | Reached skill level 3 in Axes
   176 | D:2      | Gained mutation: You have a pair of small antennae on your
                  | head. [demonic ancestry]
   176 | D:2      | Reached XP level 2. HP: 22/24 MP: 2/2
   277 | D:2      | XOM: divination: magic mapping
   405 | D:2      | XOM: silly message
   485 | D:2      | XOM: harmless Conj miscast
   490 | D:2      | Gained mutation: You are slightly more attuned to the
                  | shadows. [demonic ancestry]
   490 | D:2      | Reached XP level 3. HP: 29/29 MP: 3/3
   494 | D:2      | XOM: god gift: scroll labeled SEX OCYMISOX {god gift}
   519 | D:2      | Found a shimmering altar of Xom.
   809 | D:2      | Found an iron altar of Okawaru.
   816 | D:2      | Found a stormy altar of Qazlal.
   816 | D:2      | Found an opulent altar of Gozag.
  1085 | D:1      | Reached skill level 1 in Dodging
  1140 | D:1      | XOM: silly message
  1358 | D:1      | Reached XP level 4. HP: 29/35 MP: 4/4
  1448 | D:1      | XOM: give mutations
  1448 | D:1      | Gained mutation: Scrolls take you a little longer to read.
                  | [Xom's mischief]
  1551 | D:3      | Found a white marble altar of Elyvilon.
  1663 | D:3      | Reached skill level 4 in Axes
  1664 | D:3      | Found an iron altar of Okawaru.
  1688 | D:3      | Found a burning altar of Makhleb.
  1849 | D:3      | XOM: summons 4 hostile shadow creatures
  2083 | D:3      | Found a glowing drain.
  2087 | Sewer    | Entered a sewer
  2216 | Sewer    | Noticed Purgy
  2233 | Sewer    | XOM: noise
  2247 | Sewer    | HP: 1/37 [Purgy (3)]
  2251 | Sewer    | Killed Purgy
  2251 | Sewer    | Reached XP level 5. HP: 28/42 MP: 5/5
  2315 | D:3      | XOM: summons 2 hostile demons
  2378 | D:4      | XOM: cloud trail
  2567 | D:4      | Reached skill level 5 in Axes
  2567 | D:4      | Reached XP level 6. HP: 33/48 MP: 6/6
  2600 | D:4      | Slain by an iguana

Skill      XL: |  1  2  3  4  5 |
---------------+----------------+-----
Axes           | 3 4 5 |  5.0
Dodging        | 1 2 |  2.0
Fighting       | 4 |  4.0
Armour         | |  1.9
Stealth        | |  0.6
Shields        | |  0.6

Action                   |  1- 3 |  4- 6 || total
-------------------------+-------+-------++-------
Melee: Hand axe          |   108 |   191 ||   299
Evoke: Wand              |       |     4 ||     4
  Use: Potion            |       |     2 ||     2
       Scroll            |       |     1 ||     1
 Stab: Sleeping          |     4 |     5 ||     9
       Petrified         |     1 |       ||     1
       Confused          |       |     1 ||     1
  Eat: Chunk             |     1 |     5 ||     6
Armor: Leather armour    |    39 |   108 ||   147
Dodge: Dodged            |    69 |   149 ||   218
Block: Buckler           |       |    31 ||    31
